 Dungeon Crawl Stone Soup version 0.28.0-43-g3370ac3207 (webtiles) character file.

Game seed: 15885602844278320950

61 pkoi the Firebug (level 3, -1/26 HPs)
             Began as a Draconian Fire Elementalist on Mar 15, 2022.
             Slain by Jessica
             ... wielding a +0 club
              (6 damage)
             ... on level 3 of the Dungeon.
             The game lasted 00:02:52 (2811 turns).

pkoi the Firebug (Draconian Fire Elementalist)      Turns: 2811, Time: 00:02:53

Health: -1/26      AC:  5    Str: 10    XL:     3   Next: 83%
Magic:  4/6        EV: 12    Int: 17    God:
Gold:   31         SH:  0    Dex: 11    Spells: 6/7 levels left

rFire   . . .      SeeInvis .   c - +0 hand axe
rCold   . . .      Faith    .   (no shield)
rNeg    . . .      Spirit   .   (armour unavailable)
rPois   .          Reflect  .   (helmet restricted)
rElec   .          Harm     .   (no cloak)
rCorr   .          Rampage  .   (no gloves)
Will    .....                   (no boots)
Stlth   ++........              (no amulet)
HPRegen 0.08/turn               (no ring)
MPRegen 0.10/turn               (no ring)

@: no status effects
A: AC +5, unfitting armour, cold-blooded
a: no special abilities


You were on level 3 of the Dungeon.
You visited 1 branch of the dungeon, and saw 3 of its levels.

You collected 31 gold pieces.

Inventory:

Hand Weapons
 c - a +0 hand axe (weapon)
Jewellery
 i - an amulet of faith
Scrolls
 a - 2 scrolls of fog {unknown}
 b - a scroll of fear {unknown}
 f - 5 scrolls of identify {unknown}
 h - a scroll of teleportation {unknown}
Potions
 d - a potion of mutation {unknown}
 e - 2 potions of heal wounds {unknown}
 g - a potion of magic {unknown}
 j - a potion of flight {unknown}


   Skills:
 - Level 1.7 Dodging
 - Level 1.7 Stealth
 + Level 2.5 Spellcasting
 * Level 2.4 Conjurations
 * Level 3.8 Fire Magic


You had 6 spell levels left.
You knew the following spells:

 Your Spells              Type           Power      Damage    Failure   Level
a - Foxfire               Conj/Fire      48%        2x1d6     5%          1

Your spell library contained the following spells:

 Spells                   Type           Power      Damage    Failure   Level
 Scorch                   Fire           30%        2d6       6%          2
 Conjure Flame            Conj/Fire      12%        6-21      16%         3
 Inner Flame              Hex/Fire       8%         N/A       26%         3
 Flame Wave               Conj/Fire      12%        2d6       45%         4


Dungeon Overview and Level Annotations

Branches:
Dungeon (3/15)

Altars:

Shops:
D:3 !

Annotations:
D:3 Jessica


Innate Abilities, Weirdness & Mutations

Your plain brown scales are hard. (AC +5)
You cannot fit into any form of body armour.
You are cold-blooded and may be slowed by cold attacks.


Message History

An adder is nearby!
Jessica the Apprentice Sorceress comes into view.
She is wielding a +0 club.
You conjure some foxfire!
Jessica shouts!
The foxfire hits the adder.
The adder is severely wounded.
The foxfire hits the adder.
You kill the adder!
Jessica mumbles some strange words.
Jessica seems to speed up.
You conjure some foxfire!
The foxfire hits Jessica.
Jessica is moderately wounded.
The foxfire hits Jessica.
Jessica is severely wounded.
You conjure some foxfire!
The foxfire hits Jessica but does no damage.
Jessica is severely wounded.
You closely miss Jessica.
Your tail-slap misses Jessica.
Jessica is severely wounded.
The foxfire hits Jessica.
Jessica is almost dead.
Jessica hits you with a +0 club.
You barely miss Jessica.
Your tail-slap misses Jessica.
Jessica is severely wounded.
Jessica hits you with a +0 club.
* * * LOW HITPOINT WARNING * * *
Jessica hits you with a +0 club.
* * * LOW HITPOINT WARNING * * *
You hit Jessica but do no damage.
Jessica is severely wounded.
Jessica casts a spell at you. Pain shoots through your body!
* * * LOW HITPOINT WARNING * * *
Jessica hits you with a +0 club.
* * * LOW HITPOINT WARNING * * *
You closely miss Jessica.
Jessica is severely wounded.
Jessica hits you with a +0 club.
You die...

# #.
#..##.#########
.....†@@.......
#.#####.#######
#.# #.# #.# #.#
#.# #.# #.# #.#


You could see Jessica (fast).

Vanquished Creatures
  An adder (D:3)
  2 worms (D:2)
  A ball python (D:1)
  4 endoplasms
  3 giant cockroaches
  2 goblins
  2 hobgoblins (D:2)
  10 jackals
  3 bats (D:2)
  5 frilled lizards
  8 kobolds
  3 rats
44 creatures vanquished.

Vanquished Creatures (others)
  119 foxfires
  15 plants
134 creatures vanquished.

Grand Total: 178 creatures vanquished

Notes
Turn   | Place    | Note
-------+----------+-------------------------------------------
     0 | D:1      | pkoi the Draconian Fire Elementalist began the quest for
                  | the Orb.
     0 | D:1      | Reached XP level 1. HP: 14/14 MP: 3/3
   348 | D:1      | Reached XP level 2. HP: 20/20 MP: 0/5
   805 | D:1      | Found a faded altar of an unknown god.
  1530 | D:2      | Reached XP level 3. HP: 21/26 MP: 1/6
  2644 | D:3      | Found Teppos's Distillery.
  2802 | D:3      | Noticed Jessica
  2811 | D:3      | Slain by Jessica

Illustrated notes

Levels and vault maps discovered:
D:1:      nicolae_arrival_washed_ashore, layout_basic,
          shapermc_ecumenical_altar_petra
D:2:      layout_basic, nrook_loot_triangle, lexackson_kobold_supper
D:3:      layout_loops_ring, serial_shops, shop, shop, gammafunk_ghost_grave,
          uniq_jessica

Skill      XL: |  1  2 |
---------------+-------+-----
Conjurations   | 2 |  2.4
Dodging        | |  1.7
Stealth        | |  1.7
Spellcasting   | |  2.5
Fire Magic     | |  3.8

Action                   || total
-------------------------++-------
Melee: Hand axe          ||    36
       Unarmed           ||     1
       Tailslap          ||     3
 Cast: Foxfire           ||    71
Armor: Skin              ||    27
Dodge: Dodged            ||    57
